 Dungeon Crawl Stone Soup version 0.23.0 (webtiles) character file.

Game seed: 6675058232306954861

2256 Frank the Sneak (level 9, -3/61 HPs)
             Began as an Octopode Fighter on Feb 17, 2019.
             Slain by a hog (5 damage)
             ... on level 7 of the Dungeon.
             The game lasted 00:08:53 (6393 turns).

Frank the Sneak (Octopode Fighter)                  Turns: 6393, Time: 00:08:53

Health: -3/61      AC:  1    Str: 15    XL:     9   Next: 37%
Magic:  0/10       EV: 18    Int: 11    God:
Gold:   240        SH: 16    Dex: 19    Spells: 8/8 levels left

rFire    . . .     SeeInvis .   a - +1 long sword
rCold    + . .     Gourm    .   k - +2 large shield
rNeg     . . .     Faith    .   (helmet restricted)
rPois    .         Spirit   +   t - amulet of guardian spirit
rElec    .         Reflect  .   h - ring of protection from cold
rCorr    .         Harm     .   r - ring of wizardry
MR       .....                  (no ring)
Stlth    ++++++....             (no ring)
HPRegen  0.20/turn              (no ring)
MPRegen  0.12/turn              (no ring)
                                (no ring)
                                (no ring)

@: agile
A: almost no armour, stealthy swim, amphibious, 8 rings, constrict 8, camouflage
1, low mp 1, gelatinous body 1, evolution 1
a: no special abilities


You were on level 7 of the Dungeon.
You were not hungry.

You visited 1 branch of the dungeon, and saw 7 of its levels.

You collected 240 gold pieces.

Inventory:

Hand Weapons
 a - a +1 long sword (weapon)
Armour
 k - a +2 large shield (worn)
Jewellery
 h - a ring of protection from cold (left tentacle)
 r - a ring of wizardry (right tentacle)
 t - an amulet of guardian spirit (around mantle)
Wands
 b - a wand of flame (18)
 q - a wand of iceblast (24)
Scrolls
 j - 6 scrolls of remove curse
 l - 3 scrolls of identify
 m - 2 scrolls of magic mapping
 p - a scroll of amnesia
Potions
 c - a potion of might
 e - 5 potions of flight
 i - 3 potions of brilliance
 o - 3 potions of haste
 s - a potion of lignification
Comestibles
 d - 16 rations


   Skills:
 + Level 5.0 Fighting
 + Level 7.1 Long Blades
 + Level 5.4 Dodging
 + Level 7.7 Stealth
 + Level 5.9 Shields
 * Level 2.8 Evocations


You had 8 spell levels left.
You didn't know any spells.
Your spell library was empty.

Dungeon Overview and Level Annotations

Branches:
Dungeon (7/15)             Temple (0/1) D:6

Altars:
Ru
Uskayaw

Shops:
D:4 *


Innate Abilities, Weirdness & Mutations

You cannot wear most types of armour.
You are very stealthy in the water. (Stealth+)
You are amphibious.
You can wear up to eight rings at the same time.
You can use your tentacles to constrict eight enemies at once.
Your skin changes colour to match your surroundings (Stealth+).
Your rubbery body absorbs attacks. (AC +1, EV +1)
Your magical capacity is low. (-10% MP)
You evolve.


Message History

The hog bites you.
* * * LOW HITPOINT WARNING * * *
You feel agile all of a sudden.
You constrict the hog. The hog bites you!
* * * LOW HITPOINT WARNING * * *
You block the hog's attack.
You release your grip on the hog.
Things that are here:
a +0 hand axe; a +0 animal skin; a human corpse The hog misses you.
You riposte.
You closely miss the hog. You grab the hog.
The hog is severely wounded.
Really quaff the potion of mutation?
You feel extremely strange.
You feel less energetic.
You feel nature experimenting on you.
Don't worry, failures die fast.
You constrict the hog. You block the hog's attack.
You hit the hog.
The hog is severely wounded.
You constrict the hog. The hog bites you.
You die...

# #<#รท# #.###
#.#.# ##...##
###.#.###.....#
..............#
###.#####.....#
##.# ##....#
#..# ##.#.##
..#.#
##.#..#########
.###.#
#....hh@.......
# #..
#####'#####.##.
### #..#..#
#..#..# #..'..#
#..#.%# #..#%%#
#######


You could see 2 hogs.

Vanquished Creatures
  2 hogs (D:7)
  A human (D:7)
  2 ice beasts (D:6)
  An ogre (D:6)
  A phantom (D:6)
  3 centaurs
  2 bullfrogs
  A scorpion (D:4)
  9 wights (D:6)
  2 crimson imps (D:5)
  A quasit (D:5)
  A hound (D:4)
  2 orc priests
  6 orc wizards
  3 bullfrog skeletons (D:5)
  2 worker ants
  A howler monkey zombie (D:6)
  4 gnolls (D:4)
  7 adders
  2 shadow imps
  3 oozes
  A worm (D:3)
  9 leopard geckos
  16 orcs
  A ball python (D:3)
  4 bats
  3 giant cockroaches
  9 goblins
  7 hobgoblins
  3 jackals (D:5)
  2 quokkas (D:3)
  6 frilled lizards
  5 kobolds
  13 rats
135 creatures vanquished.

Notes
Turn   | Place    | Note
-------+----------+-------------------------------------------
     0 | D:1      | Frank the Octopode Fighter began the quest for the Orb.
     0 | D:1      | Reached XP level 1. HP: 16/16 MP: 1/1
   129 | D:1      | Reached XP level 2. HP: 19/21 MP: 2/2
   804 | D:2      | Reached XP level 3. HP: 24/26 MP: 3/3
  1154 | D:2      | Found a faded altar of an unknown god.
  1178 | D:2      | Found a hide-covered altar of Uskayaw.
  1350 | D:2      | Reached skill level 1 in Stealth
  1395 | D:2      | Reached XP level 4. HP: 28/31 MP: 4/4
  3130 | D:4      | Reached XP level 5. HP: 29/36 MP: 5/5
  3375 | D:4      | Reached XP level 6. HP: 14/42 MP: 6/6
  3408 | D:4      | Found Jaoboir's General Store.
  4095 | D:4      | Reached XP level 7. HP: 47/47 MP: 7/7
  4106 | D:4      | Reached skill level 5 in Stealth
  4245 | D:5      | Entered Level 5 of the Dungeon
  4686 | D:5      | Reached skill level 5 in Long Blades
  4720 | D:5      | Reached XP level 8. HP: 21/54 MP: 8/8
  5260 | D:6      | Found a staircase to the Ecumenical Temple.
  5447 | D:6      | Found a sacrificial altar of Ru.
  5457 | D:6      | Reached skill level 5 in Shields
  5709 | D:6      | Reached skill level 1 in Evocations
  5794 | D:6      | Reached skill level 5 in Dodging
  5848 | D:6      | HP: 2/54 [orc/+0 dagger (6)]
  5849 | D:6      | Reached XP level 9. HP: 2/59 MP: 0/10
  6379 | D:7      | Reached skill level 5 in Fighting
  6389 | D:7      | HP: 1/61 [hog (10)]
  6392 | D:7      | Gained mutation: Your magical capacity is low. (-10% MP)
                  | [potion of mutation]
  6392 | D:7      | Gained mutation: You evolve. [potion of mutation]
  6393 | D:7      | Slain by a hog

Skill      XL: |  1  2  3  4  5  6  7  8  9 |
---------------+----------------------------+-----
Stealth        | 1 2 3 4 6 7 |  7.7
Long Blades    | 3 4 5 6 7 |  7.1
Dodging        | 4 5 |  5.4
Shields        | 4 5 |  5.9
Fighting       | 4 5 |  5.0
Evocations     | 1 2 |  2.8

Action                   |  1- 3 |  4- 6 |  7- 9 || total
-------------------------+-------+-------+-------++-------
Melee: Long sword        |    71 |    92 |   168 ||   331
       Constrict         |    13 |    25 |    40 ||    78
       Tentacles         |     6 |    19 |    45 ||    70
  Use: Scroll            |     5 |     5 |     5 ||    15
       Potion            |       |     2 |     8 ||    10
 Stab: Sleeping          |     7 |    13 |    15 ||    35
       Distracted        |       |     1 |       ||     1
  Eat: Chunk             |     1 |     9 |     4 ||    14
       Ration            |       |       |     1 ||     1
Armor: Skin              |     4 |     2 |     7 ||    13
Dodge: Dodged            |    26 |    21 |    49 ||    96
Block: Shield            |    20 |       |       ||    20
       Large shield      |     3 |    54 |   152 ||   209
       Rpst.: Long sword |     5 |     8 |    18 ||    31
